General information
- name: BNet
- type: Ladder team game (AT/RT)
- host: Battle.net
- saver: GaryTheRetard
map: Battleground
- players: 8
- length: 11:36
- speed: Fast
- version: 1.28 W3XP
- replay type: Public
» download(107 KB)
Players
team 1 (loser)
LaLiKiLLeR (
blue | 74 APM | 846 actions | 11:25)
4 Beastmaster
2 Summon Quilbeast
2 Summon Hawk
1 Shadow Hunter
1 Hex
» actions
| Assign group hotkey | 7 | |
| Basic commands | 8 | |
| Build / train | 51 | |
| ESC pressed | 2 | |
| Enter build submenu | 18 | |
| Enter hero's abilities submenu | 6 | |
| Give item / drop item | 2 | |
| Right click | 357 | |
| Select / deselect | 240 | |
| Select group hotkey | 96 | |
| Use ability | 59 | |
846 total
» units
| Peon | 12 | |
| Grunt | 4 | |
| Forest Troll Berserker | 1 | |
| Forest Troll Shadow Priest | 1 | |
| Spirit Walker | 1 | |
| Raider | 1 | |
| Troll Batrider | 4 | |
| Ghoul | 2 | |
| Crypt Fiend | 1 | |
| Acolyte | 1 | |
28 total
» upgrades
| Melee Weapons | 1 | |
| Berserker Strength | 1 | |
| Ensnare | 1 | |
| Pillage | 1 | |
| Web | 1 | |
5 total
» buildings
| Barracks | 1 | |
| Orc Burrow | 4 | |
| Altar of Storms | 1 | |
| Voodoo Lounge | 2 | |
| Stronghold | 1 | |
| War Mill | 1 | |
| Beastiary | 1 | |
| Spirit Lodge | 1 | |
| Crypt | 2 | |
| Ziggurat | 1 | |
| Spirit Tower | 1 | |
16 total
» build order
00:11 Barracks
00:26 Orc Burrow
01:04 Altar of Storms
01:34 Orc Burrow
02:20 Voodoo Lounge
03:41 Stronghold
03:49 War Mill
04:13 Orc Burrow
04:38 Orc Burrow
06:07 Beastiary
06:10 Spirit Lodge
09:37 Crypt
09:52 Ziggurat
09:54 Crypt
10:11 Spirit Tower
11:20 Voodoo Lounge
» items
| Healing Salve | 4 | |
| Lesser Clarity Potion | 1 | |
| Scroll of Town Portal | 3 | |
| Potion of Healing | 1 | |
9 total

»
P1ayer_3 (
pink | 50 APM | 575 actions | 11:26)
2 Blademaster
1 Wind Walk
1 Critical Strike
» actions
| Assign group hotkey | 28 | |
| Basic commands | 33 | |
| Build / train | 31 | |
| ESC pressed | 3 | |
| Enter build submenu | 14 | |
| Enter hero's abilities submenu | 2 | |
| Right click | 195 | |
| Select / deselect | 152 | |
| Select group hotkey | 66 | |
| Use ability | 51 | |
575 total
» units
» upgrades
» buildings
| Altar of Storms | 1 | |
| Orc Burrow | 5 | |
| Barracks | 1 | |
| Voodoo Lounge | 1 | |
| Stronghold | 1 | |
| War Mill | 2 | |
| Watch Tower | 4 | |
15 total
» build order
00:27 Altar of Storms
00:36 Orc Burrow
00:57 Barracks
01:41 Voodoo Lounge
01:59 Orc Burrow
02:59 Orc Burrow
04:39 Orc Burrow
05:56 Stronghold
06:28 Orc Burrow
07:03 War Mill
08:13 War Mill
10:04 Watch Tower
10:05 Watch Tower
10:10 Watch Tower
10:13 Watch Tower
» items
| Healing Salve | 4 | |
| Dust of Appearance | 1 | |
5 total
GaryTheRetard (
purple | 7 APM | 85 actions | 11:36)
» actions
| Basic commands | 33 | |
| Enter build submenu | 4 | |
| Right click | 18 | |
| Select / deselect | 26 | |
| Use ability | 4 | |
85 total
» buildings
| Blacksmith | 2 | |
| Lumber Mill | 1 | |
| Arcane Vault | 1 | |
4 total
» build order
00:13 Blacksmith
00:14 Blacksmith
00:20 Lumber Mill
00:24 Arcane Vault
LaNKY-KoNG (
green | 29 APM | 264 actions | 09:12)
2 Death Knight
1 Death Coil
1 Unholy Aura
1 Lich
1 Frost Nova
» actions
| Assign group hotkey | 6 | |
| Basic commands | 3 | |
| Build / train | 20 | |
| ESC pressed | 1 | |
| Enter build submenu | 7 | |
| Enter hero's abilities submenu | 4 | |
| Right click | 137 | |
| Select / deselect | 72 | |
| Use ability | 14 | |
264 total
» units
| Acolyte | 2 | |
| Ghoul | 1 | |
| Crypt Fiend | 8 | |
11 total
» upgrades
| Creature Attack | 2 | |
| Creature Carapace | 1 | |
3 total
» buildings
| Graveyard | 1 | |
| Crypt | 1 | |
| Altar of Darkness | 1 | |
| Ziggurat | 3 | |
| Halls of the Dead | 1 | |
| Tomb of Relics | 1 | |
8 total
» build order
00:12 Graveyard
00:33 Crypt
00:59 Altar of Darkness
01:06 Ziggurat
03:45 Ziggurat
04:16 Ziggurat
04:46 Halls of the Dead
06:26 Tomb of Relics
team 2 (winner)
NEW (
red | 101 APM | 1176 actions | 11:36)
4 Blademaster
2 Wind Walk
2 Critical Strike
» actions
| Assign group hotkey | 30 | |
| Basic commands | 35 | |
| Build / train | 43 | |
| ESC pressed | 1 | |
| Enter build submenu | 13 | |
| Enter hero's abilities submenu | 4 | |
| Give item / drop item | 3 | |
| Right click | 479 | |
| Select / deselect | 102 | |
| Select group hotkey | 420 | |
| Use ability | 46 | |
1176 total
» units
| Peon | 7 | |
| Troll Witch Doctor | 5 | |
| Tauren | 3 | |
15 total
» upgrades
| Shaman Training | 1 | |
| Witch Doctor Training | 2 | |
| Armor | 1 | |
4 total
» buildings
| Altar of Storms | 1 | |
| Orc Burrow | 5 | |
| Voodoo Lounge | 1 | |
| Stronghold | 2 | |
| War Mill | 1 | |
| Spirit Lodge | 3 | |
| Fortress | 1 | |
| Tauren Totem | 1 | |
15 total
» build order
00:07 Altar of Storms
00:20 Orc Burrow
00:51 Voodoo Lounge
02:33 Stronghold
02:33 Stronghold
02:45 Orc Burrow
03:17 War Mill
04:12 Orc Burrow
05:34 Spirit Lodge
05:35 Fortress
05:37 Spirit Lodge
05:48 Spirit Lodge
07:06 Orc Burrow
08:37 Tauren Totem
10:13 Orc Burrow
» items
| Lesser Clarity Potion | 5 | |
| Healing Salve | 2 | |
| Circlet of Nobility | 3 | |
| Boots of Speed | 1 | |
| Potion of Healing | 1 | |
| Orb of Lightning | 1 | |
| Potion of Lesser Invulnerability | 1 | |
14 total

»
Love (
orange | 53 APM | 616 actions | 11:36)
3 Warden
2 Fan of Knives
1 Blink
1 Keeper of the Grove
1 Entangling Roots
» actions
| Assign group hotkey | 106 | |
| Basic commands | 29 | |
| Build / train | 48 | |
| Enter build submenu | 11 | |
| Enter hero's abilities submenu | 4 | |
| Give item / drop item | 4 | |
| Right click | 126 | |
| Select / deselect | 131 | |
| Select group hotkey | 116 | |
| Use ability | 41 | |
616 total
» units
| Wisp | 14 | |
| Huntress | 5 | |
| Forest Troll Berserker | 1 | |
| Druid of the Claw | 3 | |
| Dryad | 4 | |
27 total
» upgrades
| Druid of the Claw Training | 2 | |
| Abolish Magic | 1 | |
| Mark of the Claw | 1 | |
4 total
» buildings
| Ancient of War | 1 | |
| Hunter's Hall | 1 | |
| Altar of Elders | 1 | |
| Moon Well | 5 | |
| Ancient of Wonders | 1 | |
| Tree of Ages | 2 | |
| Ancient of Lore | 2 | |
| Tree of Eternity | 1 | |
14 total
» build order
01:11 Ancient of War
01:16 Hunter's Hall
01:17 Altar of Elders
01:27 Moon Well
01:44 Moon Well
02:49 Ancient of Wonders
03:01 Moon Well
03:55 Tree of Ages
03:56 Tree of Ages
04:49 Moon Well
05:31 Moon Well
06:25 Ancient of Lore
06:27 Ancient of Lore
07:06 Tree of Eternity
» items
| Potion of Healing | 2 | |
| Healing Salve | 2 | |
| Scroll of Town Portal | 3 | |
7 total

»
dduber (
teal | 85 APM | 982 actions | 11:36)
4 Death Knight
2 Death Coil
2 Unholy Aura
» actions
| Assign group hotkey | 28 | |
| Basic commands | 19 | |
| Build / train | 23 | |
| ESC pressed | 1 | |
| Enter build submenu | 21 | |
| Enter hero's abilities submenu | 4 | |
| Right click | 609 | |
| Select / deselect | 208 | |
| Select group hotkey | 47 | |
| Use ability | 22 | |
982 total
» units
| Acolyte | 2 | |
| Crypt Fiend | 7 | |
| Ghoul | 4 | |
13 total
» upgrades
| Creature Attack | 1 | |
| Creature Carapace | 1 | |
| Web | 1 | |
3 total
» buildings
| Altar of Darkness | 1 | |
| Ziggurat | 5 | |
| Graveyard | 1 | |
| Crypt | 2 | |
| Halls of the Dead | 1 | |
| Tomb of Relics | 1 | |
| Black Citadel | 1 | |
| Sacrificial Pit | 1 | |
| Slaughterhouse | 1 | |
14 total
» build order
00:09 Altar of Darkness
00:12 Ziggurat
00:55 Graveyard
01:08 Crypt
02:00 Crypt
02:38 Ziggurat
03:33 Ziggurat
04:51 Ziggurat
06:40 Halls of the Dead
07:04 Ziggurat
07:08 Tomb of Relics
09:37 Black Citadel
11:23 Sacrificial Pit
11:28 Slaughterhouse

»
BoratSagdiev (
yellow | 26 APM | 299 actions | 11:36)
3 Blademaster
1 Wind Walk
2 Critical Strike
1 Shadow Hunter
1 Healing Wave
» actions
| Build / train | 36 | |
| Enter build submenu | 10 | |
| Enter hero's abilities submenu | 4 | |
| Right click | 112 | |
| Select / deselect | 104 | |
| Use ability | 33 | |
299 total
» units
» upgrades
| Ranged Weapons | 3 | |
| Shaman Training | 2 | |
| Envenomed Spears | 1 | |
6 total
» buildings
| Altar of Storms | 1 | |
| Orc Burrow | 4 | |
| Voodoo Lounge | 1 | |
| Stronghold | 1 | |
| War Mill | 1 | |
| Fortress | 1 | |
| Beastiary | 2 | |
| Spirit Lodge | 1 | |
12 total
» build order
00:08 Altar of Storms
00:16 Orc Burrow
00:52 Voodoo Lounge
02:25 Stronghold
04:27 War Mill
04:31 Orc Burrow
05:35 Fortress
05:39 Beastiary
05:45 Beastiary
05:58 Orc Burrow
06:05 Spirit Lodge
09:52 Orc Burrow
» items
| Healing Salve | 2 | |
| Lesser Clarity Potion | 2 | |
| Scroll of Speed | 1 | |
| Scroll of Town Portal | 1 | |
| Orb of Lightning | 1 | |
7 total
Chat log
(00:04 / Allies) LaLiKiLLeR: haha
(00:05 / Allies) LaNKY-KoNG: player 3 jason
(00:06 / Allies) LaNKY-KoNG: haha
(00:07 / Allies) LaLiKiLLeR: omg ><
(00:18 / Allies) LaNKY-KoNG: sold sister for internet
(00:19 / Allies) P1ayer_3: you gonna come see me in serbia?
(00:20 / All) BoratSagdiev: yaksemaesh?
(00:26 / Allies) LaNKY-KoNG: yes bro
(00:26 / All) BoratSagdiev: hi julie
(00:27 / Allies) LaNKY-KoNG: well hang out
(00:30 / Allies) LaNKY-KoNG: use ur free net
(00:37 / All) BoratSagdiev: montreal ftw
(00:41 / Allies) LaNKY-KoNG: old games
(00:44 / Allies) P1ayer_3: good if i bring you my mom won't be mad anymore
(00:46 / Allies) LaNKY-KoNG: on the net
(00:51 / All) LaNKY-KoNG: borat
(00:56 / All) LaNKY-KoNG: thats where im from
(01:02 / All) LaNKY-KoNG: howd you know?
(01:03 / All) BoratSagdiev: very nice
(01:13 / All) LaNKY-KoNG: im the king of montreal
(01:24 / All) BoratSagdiev: you told me lots of stories
(01:28 / All) BoratSagdiev: about rafiq
(01:32 / All) LaNKY-KoNG: o yea
(01:41 / All) LaNKY-KoNG: the indian dude robbed my cash + rafiqs bag
(01:48 / All) BoratSagdiev: fucker
(01:54 / All) LaNKY-KoNG: then he dissapeared
(02:06 / All) LaNKY-KoNG: he helped my mom move my computer into her car
(02:13 / All) LaNKY-KoNG: it shoulda stayed there
(02:18 / All) LaNKY-KoNG: he got the inside view of my appartment
(02:28 / Allies) LaNKY-KoNG: 1 week later he robs me
(02:32 / All) LaNKY-KoNG: 1 week later he robbs me
(02:37 / All) LaNKY-KoNG: indian derra fucker
(02:39 / All) BoratSagdiev: fuck him
(02:47 / All) LaNKY-KoNG: i just gotten back from the hospital
(02:52 / All) LaNKY-KoNG: went to loblaws for food
(02:57 / All) LaNKY-KoNG: left my backdoor unlcked i think
(03:11 / All) LaNKY-KoNG: he cummed in my fathers cancer horoscope mug
(03:23 / All) LaNKY-KoNG: dirty hindu
(03:30 / Allies) P1ayer_3: help its 2
(03:35 / All) LaNKY-KoNG: i can sue the landlord klein
(03:59 / All) LaNKY-KoNG: he charged me 2 months rent while i was in the hospital
(04:23 / All) LaNKY-KoNG: the hospital shoulda paid
(04:45 / All) BoratSagdiev: i am busy raping pink
(05:02 / All) LaNKY-KoNG: he is serbian don t mess with him
(05:07 / All) LaNKY-KoNG: Hes ur lil bro
(05:11 / Allies) LaLiKiLLeR: why no1 help him
(05:34 / Allies) LaLiKiLLeR: man pink
(05:36 / Allies) LaLiKiLLeR: tech
(05:45 / Allies) P1ayer_3: brah he keep killin my shit
(05:55 / Allies) LaLiKiLLeR: so u cant tech?
(06:01 / Allies) P1ayer_3: i'll have no wood
(06:06 / Allies) P1ayer_3: cuz he kill all my guy on wood
(08:21 / All) BoratSagdiev: nice
(08:53 / Allies) P1ayer_3: they gonna come with raiders and or air
(08:58 / Allies) P1ayer_3: air already
(09:02 / Allies) LaNKY-KoNG: we lost
(09:04 / Allies) LaNKY-KoNG: im leaving
(09:07 / Allies) LaLiKiLLeR: k plz
(09:09 / Allies) LaNKY-KoNG: this is over
(09:09 / Allies) LaLiKiLLeR: leave man
(10:41 / Allies) P1ayer_3: burrow
(10:44 / Allies) P1ayer_3: focus air wit burro
(11:19 / Allies) P1ayer_3: roflmao
(11:24 / Allies) LaLiKiLLeR: aw